TOP OF THE 1ST |
Moose Jaw Ghostbusters batting - Pitching for Red Deer Wranglers : RHP Paul Barton
|
Pitching: RHP Paul Barton
|
|
Batting: RHB Juan Vázquez
|
0-0: Ball 1-0: SINGLE (Groundball, 56D) (infield hit)
|
Batting: LHB Will Vale
|
0-0: Fly out, F9 (Flyball, 9LM)
|
Batting: RHB John Major
|
0-0: Ball Juan Vázquez steals 2nd base 1-0: Ball 2-0: Ground out 6-3 (Groundball, 6) Juan Vázquez to third
|
Batting: RHB Paco Hernández
|
0-0: Ball 1-0: 2-RUN HOME RUN (Flyball, 9D), Distance : 338 ft
|
Batting: LHB Dave Stewart
|
0-0: Ball 1-0: Swinging Strike 1-1: Ball 2-1: Ball 3-1: Ground out 6-3 (Groundball, 6)
|
Top of the 1st over - 2 run(s), 2 hit(s), 0 error(s), 0 left on base; Moose Jaw 2 - Red Deer 0 |
BOTTOM OF THE 1ST |
Red Deer Wranglers batting - Pitching for Moose Jaw Ghostbusters : RHP Rod Walters
|
Pitching: RHP Rod Walters
|
|
Batting: SHB José López
|
0-0: Ball 1-0: Ball 2-0: Swinging Strike 2-1: Foul Ball, location: 2F 2-2: Foul Ball, location: 2F 2-2: SINGLE (Line Drive, 9LS)
|
Batting: RHB Paul Swift
|
0-0: Swinging Strike 0-1: Ball 1-1: Ball 2-1: Ball 3-1: Fly out, F4 (Line Drive, 4)
|
Batting: LHB Del Kennedy
|
0-0: Ground out 4-3 (Groundball, 4M) José López to second
|
Batting: RHB Orlando Núñes
|
0-0: Ground out U3 (Groundball, 3S)
|
Bottom of the 1st over - 0 run(s), 1 hit(s), 0 error(s), 1 left on base; Moose Jaw 2 - Red Deer 0 |
TOP OF THE 2ND |
Moose Jaw Ghostbusters batting - Pitching for Red Deer Wranglers : RHP Paul Barton
|
Batting: RHB Luis Miguel Sánchez
|
0-0: Foul Ball, location: 2F 0-1: Called Strike 0-2: Ball 1-2: Ball 2-2: SINGLE (Line Drive, 4MD)
|
Batting: RHB Dan Hooper
|
0-0: Ball 1-0: Ball 2-0: SINGLE (Groundball, 6) Luis Miguel Sánchez to second
|
Batting: RHB Shawn Bane
|
0-0: Ball 1-0: Fly out, F8 (Flyball, 8RM)
|
Batting: RHB Ángel García
|
0-0: Called Strike 0-1: Ball 1-1: Ball Error on foul ball, E2 2-2: Foul Ball, location: 2F 2-2: Strikes out swinging
|
Batting: RHB Juan Vázquez
|
0-0: Ball 1-0: Foul Ball, location: 2F 1-1: Fly out, F8 (Flyball, 8LM)
|
Top of the 2nd over - 0 run(s), 2 hit(s), 1 error(s), 2 left on base; Moose Jaw 2 - Red Deer 0 |
BOTTOM OF THE 2ND |
Red Deer Wranglers batting - Pitching for Moose Jaw Ghostbusters : RHP Rod Walters
|
Batting: RHB Carlos Peña
|
0-0: Foul Ball, location: 2F 0-1: Ball 1-1: Ball 2-1: Ball 3-1: Fly out, F3 (Popup, 3SF)
|
Batting: LHB Jorge Olvera
|
0-0: Ball 1-0: Ball 2-0: Foul Ball, location: 2F 2-1: Ball 3-1: Base on Balls
|
Batting: LHB Greg Nelson
|
0-0: Ball 1-0: Grounds into double play, 1-6-3 (Groundball, 13S)
|
Bottom of the 2nd over - 0 run(s), 0 hit(s), 0 error(s), 0 left on base; Moose Jaw 2 - Red Deer 0 |
TOP OF THE 3RD |
Moose Jaw Ghostbusters batting - Pitching for Red Deer Wranglers : RHP Paul Barton
|
Batting: LHB Will Vale
|
0-0: Called Strike 0-1: Fly out, F7 (Flyball, 78M)
|
Batting: RHB John Major
|
0-0: Ball 1-0: Ball 2-0: Called Strike 2-1: Ground out 5-3 (Groundball, 56)
|
Batting: RHB Paco Hernández
|
0-0: Called Strike 0-1: Ball 1-1: DOUBLE (Line Drive, 7LS)
|
Batting: LHB Dave Stewart
|
0-0: Ball 1-0: Called Strike 1-1: SINGLE (Flyball, 78S) Paco Hernández to third
|
Batting: RHB Luis Miguel Sánchez
|
0-0: Called Strike 0-1: Foul Ball, location: 2F 0-2: Ball 1-2: Strikes out swinging
|
Top of the 3rd over - 0 run(s), 2 hit(s), 0 error(s), 2 left on base; Moose Jaw 2 - Red Deer 0 |
BOTTOM OF THE 3RD |
Red Deer Wranglers batting - Pitching for Moose Jaw Ghostbusters : RHP Rod Walters
|
Batting: RHB John McDonald
|
0-0: Called Strike 0-1: Ball 1-1: Ball 2-1: Ball 3-1: Fly out, F7 (Flyball, 78M)
|
Batting: RHB Oliver Harris
|
0-0: Ball 1-0: SINGLE (Flyball, 89S)
|
Batting: SHB José López
|
0-0: Ball 1-0: SINGLE (Line Drive, 4D) Oliver Harris to second Runner from 2nd tries for 3rd, SAFE, throw made to third
|
Batting: RHB Paul Swift
|
0-0: Called Strike 0-1: Ball 1-1: Called Strike 1-2: Fielders Choice at 2nd, U6 (Groundball, 6M) Oliver Harris scores
|
Batting: LHB Del Kennedy
|
0-0: Ball 1-0: Foul Ball, location: 2F 1-1: Ground out 3-1 (Groundball, 34)
|
Bottom of the 3rd over - 1 run(s), 2 hit(s), 0 error(s), 1 left on base; Moose Jaw 2 - Red Deer 1 |
TOP OF THE 4TH |
Moose Jaw Ghostbusters batting - Pitching for Red Deer Wranglers : RHP Paul Barton
|
Batting: RHB Dan Hooper
|
0-0: Swinging Strike 0-1: Foul Ball, location: 2F 0-2: Ball 1-2: Strikes out swinging
|
Batting: RHB Shawn Bane
|
0-0: Foul Ball, location: 2F 0-1: Ball 1-1: Ball 2-1: Swinging Strike 2-2: Fly out, F6 (Popup, 6S)
|
Batting: RHB Ángel García
|
0-0: Ball 1-0: Called Strike 1-1: Called Strike 1-2: Ball 2-2: Ball 3-2: Fly out, F9 (Flyball, 9M)
|
Top of the 4th over - 0 run(s), 0 hit(s), 0 error(s), 0 left on base; Moose Jaw 2 - Red Deer 1 |
BOTTOM OF THE 4TH |
Red Deer Wranglers batting - Pitching for Moose Jaw Ghostbusters : RHP Rod Walters
|
Batting: RHB Orlando Núñes
|
0-0: Swinging Strike 0-1: Ball 1-1: Ball 2-1: Foul Ball, location: 2F 2-2: Strikes out swinging
|
Batting: RHB Carlos Peña
|
0-0: Called Strike 0-1: Ball 1-1: Foul Ball, location: 2F 1-2: Ball 2-2: Foul Ball, location: 2F 2-2: Ground out 4-3 (Groundball, 4)
|
Batting: LHB Jorge Olvera
|
0-0: Swinging Strike 0-1: Called Strike 0-2: Foul Ball, location: 2F 0-2: Strikes out looking
|
Bottom of the 4th over - 0 run(s), 0 hit(s), 0 error(s), 0 left on base; Moose Jaw 2 - Red Deer 1 |
TOP OF THE 5TH |
Moose Jaw Ghostbusters batting - Pitching for Red Deer Wranglers : RHP Paul Barton
|
Batting: RHB Juan Vázquez
|
0-0: Ball 1-0: Reached on error, E5 (Groundball, 5S)
|
Batting: LHB Will Vale
|
0-0: Ball 1-0: Ball 2-0: Fly out, F8 (Flyball, 8RM)
|
Batting: RHB John Major
|
0-0: Foul Ball, location: 2F 0-1: Ball 1-1: Called Strike 1-2: Foul Ball, location: 2F 1-2: Ground out 5-3 (Groundball, 5S) Juan Vázquez to third
|
Batting: RHB Paco Hernández
|
0-0: Foul Ball, location: 2F 0-1: Swinging Strike 0-2: Ball 1-2: Foul Ball, location: 2F 1-2: Ball 2-2: Ball 3-2: Base on Balls
|
Batting: LHB Dave Stewart
|
0-0: Called Strike 0-1: Called Strike 0-2: Ball 1-2: Foul Ball, location: 2F 1-2: Strikes out swinging
|
Top of the 5th over - 0 run(s), 0 hit(s), 1 error(s), 2 left on base; Moose Jaw 2 - Red Deer 1 |
BOTTOM OF THE 5TH |
Red Deer Wranglers batting - Pitching for Moose Jaw Ghostbusters : RHP Rod Walters
|
Batting: LHB Greg Nelson
|
0-0: Ball 1-0: Foul Ball, location: 2F 1-1: Fly out, F3 (Line Drive, 3)
|
Batting: RHB John McDonald
|
0-0: Ball 1-0: Foul Ball, location: 2F 1-1: Ball 2-1: Foul Ball, location: 2F 2-2: Ground out 6-3 (Groundball, 6)
|
Batting: RHB Oliver Harris
|
0-0: Called Strike 0-1: Called Strike 0-2: Ball 1-2: Ball 2-2: Foul Ball, location: 2F 2-2: Ground out 5-3 (Groundball, 56)
|
Bottom of the 5th over - 0 run(s), 0 hit(s), 0 error(s), 0 left on base; Moose Jaw 2 - Red Deer 1 |
TOP OF THE 6TH |
Moose Jaw Ghostbusters batting - Pitching for Red Deer Wranglers : RHP Paul Barton
|
Pitching: RHP Alonso Costello
|
|
Batting: RHB Luis Miguel Sánchez
|
0-0: Ball 1-0: Foul Ball, location: 2F 1-1: Fly out, F3 (Popup, 3SF)
|
Batting: RHB Dan Hooper
|
0-0: Called Strike 0-1: DOUBLE (Flyball, 78XD)
|
Batting: RHB Shawn Bane
|
0-0: Called Strike 0-1: Ball 1-1: Foul Ball, location: 2F 1-2: Foul Ball, location: 2F 1-2: Ball 2-2: SINGLE (Line Drive, 6MD) Dan Hooper to third
|
Batting: RHB Ángel García
|
0-0: Fly out, F2 (Popup, 2RF)
|
Batting: RHB Juan Vázquez
|
0-0: Ground out 1-3 (Groundball, 23)
|
Top of the 6th over - 0 run(s), 2 hit(s), 0 error(s), 2 left on base; Moose Jaw 2 - Red Deer 1 |
BOTTOM OF THE 6TH |
Red Deer Wranglers batting - Pitching for Moose Jaw Ghostbusters : RHP Rod Walters
|
Batting: SHB José López
|
0-0: Ball 1-0: Swinging Strike 1-1: Ball 2-1: SINGLE (Groundball, 5D)
|
Batting: RHB Paul Swift
|
0-0: Foul Ball, location: 2F 0-1: Ball 1-1: Foul Ball, location: 2F 1-2: SINGLE (Flyball, 9LS) José López to second Runner from 2nd tries for 3rd, SAFE, no throw or cutoff
|
Batting: LHB Del Kennedy
|
0-0: Ball 1-0: Foul Ball, location: 2F 1-1: Foul Ball, location: 2F 1-2: Foul Ball, location: 2F 1-2: Ball 2-2: Ball 3-2: Base on Balls Paul Swift to second
|
Batting: RHB Orlando Núñes
|
0-0: Ball 1-0: Called Strike 1-1: Foul Ball, location: 2F 1-2: Strikes out looking
|
Batting: RHB Carlos Peña
|
0-0: Ball 1-0: Ball 2-0: Ball 3-0: Foul Ball, location: 2F 3-1: SINGLE (Flyball, 6MD) José López scores Paul Swift to third Del Kennedy to second Runner from 3rd tries for Home, SAFE, no throw or cutoff
|
Batting: LHB Jorge Olvera
|
0-0: Foul Ball, location: 2F 0-1: Ball 1-1: Ball 2-1: SINGLE (Flyball, 8LS) Del Kennedy to third Carlos Peña to second Runner from 3rd tries for Home, SAFE, no throw or cutoff
|
Pitching: LHP Martin White
|
|
Batting: LHB Greg Nelson
|
0-0: Ball 1-0: Foul Ball, location: 2F 1-1: Called Strike 1-2: Foul Ball, location: 2F 1-2: 3-RUN HOME RUN (Line Drive, 7D), Distance : 355 ft
|
Batting: RHB John McDonald
|
0-0: Fly out, F7 (Flyball, 7LM)
|
Batting: RHB Oliver Harris
|
0-0: Ball 1-0: Called Strike 1-1: Ball 2-1: Foul Ball, location: 2F 2-2: Foul Ball, location: 2F 2-2: Strikes out looking
|
Bottom of the 6th over - 6 run(s), 5 hit(s), 0 error(s), 0 left on base; Moose Jaw 2 - Red Deer 7 |
TOP OF THE 7TH |
Moose Jaw Ghostbusters batting - Pitching for Red Deer Wranglers : RHP Alonso Costello
|
Batting: LHB Will Vale
|
0-0: Fly out, F7 (Line Drive, 7LM)
|
Batting: RHB John Major
|
0-0: Fly out, F9 (Flyball, 89D)
|
Batting: RHB Paco Hernández
|
0-0: Fly out, F8 (Flyball, 89D)
|
Top of the 7th over - 0 run(s), 0 hit(s), 0 error(s), 0 left on base; Moose Jaw 2 - Red Deer 7 |
BOTTOM OF THE 7TH |
Red Deer Wranglers batting - Pitching for Moose Jaw Ghostbusters : LHP Martin White
|
Batting: SHB José López
|
0-0: Ball 1-0: Ball 2-0: Called Strike 2-1: Ball 3-1: Swinging Strike 3-2: Base on Balls
|
Batting: RHB Paul Swift
|
0-0: Ball 1-0: Called Strike 1-1: Called Strike 1-2: Fly out, F3 (Popup, 3F)
|
Batting: LHB Del Kennedy
|
0-0: Ball 1-0: Swinging Strike 1-1: Ball 2-1: Ball 3-1: Called Strike 3-2: Strikes out swinging
|
Batting: RHB Orlando Núñes
|
0-0: Ball 1-0: Called Strike 1-1: Swinging Strike 1-2: Fielders Choice at 2nd, 5-4 (Groundball, 56)
|
Bottom of the 7th over - 0 run(s), 0 hit(s), 0 error(s), 0 left on base; Moose Jaw 2 - Red Deer 7 |
TOP OF THE 8TH |
Moose Jaw Ghostbusters batting - Pitching for Red Deer Wranglers : RHP Alonso Costello
|
Pitching: RHP Russell Cooper
|
|
Batting: LHB Dave Stewart
|
0-0: Called Strike 0-1: Ground out 1-3 (Groundball, 13S)
|
Batting: RHB Luis Miguel Sánchez
|
0-0: Ball 1-0: Foul Ball, location: 2F 1-1: Called Strike 1-2: Ball 2-2: Strikes out swinging
|
Batting: RHB Dan Hooper
|
0-0: Ground out 6-3 (Groundball, 6)
|
Top of the 8th over - 0 run(s), 0 hit(s), 0 error(s), 0 left on base; Moose Jaw 2 - Red Deer 7 |
BOTTOM OF THE 8TH |
Red Deer Wranglers batting - Pitching for Moose Jaw Ghostbusters : LHP Martin White
|
Batting: RHB Carlos Peña
|
0-0: Ball 1-0: Ball 2-0: Foul Ball, location: 2F 2-1: Foul Ball, location: 2F 2-2: Ball 3-2: Ground out 5-3 (Groundball, 5L)
|
Pitching: RHP Whit Johnson
|
|
Batting: LHB Jorge Olvera
|
0-0: Foul Ball, location: 2F 0-1: Ball 1-1: Ball 2-1: Ground out 5-3 (Groundball, 5S)
|
Batting: LHB Greg Nelson
|
0-0: SINGLE (Line Drive, 9S)
|
Batting: RHB John McDonald
|
0-0: Ball 1-0: Swinging Strike 1-1: Fly out, F7 (Flyball, 7M)
|
Bottom of the 8th over - 0 run(s), 1 hit(s), 0 error(s), 1 left on base; Moose Jaw 2 - Red Deer 7 |
TOP OF THE 9TH |
Moose Jaw Ghostbusters batting - Pitching for Red Deer Wranglers : RHP Russell Cooper
|
Now at 1B: Max Duncan
|
|
Batting: RHB Shawn Bane
|
0-0: Ball 1-0: Called Strike 1-1: Called Strike 1-2: SINGLE (Groundball, 56)
|
Batting: RHB Ángel García
|
0-0: Called Strike 0-1: Ball 1-1: Called Strike 1-2: Strikes out swinging
|
Batting: RHB Juan Vázquez
|
0-0: Ball 1-0: Swinging Strike Balk! Shawn Bane to second 1-1: Foul Ball, location: 2F 1-2: Fly out, F4 (Popup, 4)
|
Batting: LHB Will Vale
|
0-0: Foul Ball, location: 2F 0-1: Fly out, F8 (Flyball, 8LS)
|
Top of the 9th over - 0 run(s), 1 hit(s), 0 error(s), 1 left on base; Moose Jaw 2 - Red Deer 7 |
|